 Dungeon Crawl Stone Soup version 0.18-a0-1443-ge8f1551 (webtiles) character file.

70 vonhedlund the Skirmisher (level 4, -1/42 HPs)
             Began as a Hill Orc Hunter on Feb 29, 2016.
             Slain by a gnoll (2 damage)
             ... on level 2 of the Dungeon.
             The game lasted 00:09:28 (2079 turns).

vonhedlund the Skirmisher (Hill Orc Hunter)         Turns: 2079, Time: 00:09:28

Health: -1/42      AC:  4    Str: 15    XL:     4   Next: 22%
Magic:  4/4        EV: 11    Int: 11    God:
Gold:   78         SH:  0    Dex: 11    Spells: 0 memorised, 3 levels left

rFire  . . .     SeeInvis .     j - +0 mace
rCold  . . .     Gourm    .     c - +0 leather armour
rNeg   . . .     Faith    .     (no shield)
rPois  .         Spirit   .     (no helmet)
rElec  .         Dismiss  .     (no cloak)
rCorr  .         Reflect  .     p - +0 pair of gloves
SustAt .         Harm     .     (no boots)
MR     .....                    (no amulet)
Stlth  +.........               (no ring)
                                (no ring)

@: not resistant to hostile enchantments, very unstealthy
A: no striking features
a: no special abilities


You were on level 2 of the Dungeon.
You were hungry.

You visited 1 branch of the dungeon, and saw 2 of its levels.

You collected 78 gold pieces.

Inventory:

Hand Weapons
 a - a +1 hand crossbow
 b - a +0 short sword
 j - a +0 mace (weapon)
Missiles
 d - 20 bolts
 n - 12 arrows of flame
 o - 16 arrows
Armour
 c - a +0 leather armour (worn)
 p - a +0 pair of gloves (worn)
 q - a +0 ring mail
 u - a +0 scale mail
Jewellery
 v - a cursed ring of teleportation {unknown}
Scrolls
 h - a scroll of teleportation {unknown}
 i - 2 scrolls of identify {unknown}
 l - a scroll of blinking {unknown}
 t - a scroll of fog {unknown}
Potions
 g - a potion of brilliance {unknown}
Comestibles
 f - 2 bread rations
 m - 2 beef jerkies
 r - 7 fruits
 s - a chunk of flesh


   Skills:
 + Level 5.0 Fighting
 - Level 3.7 Crossbows
 - Level 1.6 Dodging
 - Level 0.7 Stealth


You had 3 spell levels left.
You didn't know any spells.

Dungeon Overview and Level Annotations

Branches:
Dungeon (2/15)

Altars:
Ashenzari
Makhleb
The Shining One


Message History

The gnoll is moderately wounded.
The gnoll barely misses you.
You hit the gnoll but do no damage.
The gnoll is moderately wounded.
The gnoll hits you but does no damage. The gnoll closely misses you.
You barely miss the gnoll.
The gnoll is moderately wounded.
The gnoll hits you.
* * * LOW HITPOINT WARNING * * *
You barely miss the gnoll.
The gnoll is moderately wounded.
The gnoll closely misses you. The gnoll hits you.
* * * LOW HITPOINT WARNING * * *
You barely miss the gnoll.
The gnoll is moderately wounded.
The gnoll barely misses you.
You hit the gnoll.
The gnoll is heavily wounded.
The gnoll hits you.
You die...

(.# #8...8#.##.........#..#.._..
#.# ##...##.##.........# ##....#
..# ##_######.#....##.# ##...#
#.# ### #.#.##.##.# #...# #.#
#####.#.##.##.# #...# #.#
#..>..........######.## #.#
#.#####........)......) #.#
#.#####.#.....#####..## #.####
#.##..@g...#.........##
#....######.##.##..#..........#..
####...........##..#.#..#....###.
########.....).#.<...#.....#.>
#######.........<....##
####.#..###....## #...........##
#.#........... ##.###.#####.##


You could see a gnoll.

Vanquished Creatures
  2 gnolls (D:2)
  An adder (D:2)
  2 worms
  4 giant geckos
  5 bats
  2 giant cockroaches (D:1)
  A goblin (D:1)
  5 hobgoblins
  A ball python (D:2)
  3 giant newts
  2 kobolds
  5 rats
33 creatures vanquished.

Notes
Turn   | Place    | Note
--------------------------------------------------------------
     0 | D:1      | vonhedlund the Hill Orc Hunter began the quest for the Orb.
     0 | D:1      | Reached XP level 1. HP: 18/18 MP: 1/1
   534 | D:1      | Reached XP level 2. HP: 16/25 MP: 2/2
   538 | D:1      | Reached skill level 3 in Fighting
  1226 | D:1      | Reached XP level 3. HP: 13/33 MP: 3/3
  1420 | D:2      | Reached skill level 4 in Fighting
  1442 | D:2      | Found a burning altar of Makhleb.
  1538 | D:2      | Found a shattered altar of Ashenzari.
  1538 | D:2      | Found a glowing golden altar of the Shining One.
  2050 | D:2      | Reached XP level 4. HP: 25/41 MP: 4/4
  2052 | D:2      | Reached skill level 5 in Fighting
  2077 | D:2      | HP: 1/42 [gnoll (5)]
  2079 | D:2      | Slain by a gnoll

Vault maps used:
D:1:      evilmike_arrival_rings
D:2:      amethyst_overflow_temple_binary, makhleb_heckhound_becter,
          lemuel_doored_altar, nicolae_overflow_hidden_temple, nrook_mini_vaults

Skill      XL: |  1  2  3  4 |
---------------+-------------+-----
Fighting       | 3 4 5 |  5.0
Crossbows      | |  3.7
Dodging        | |  1.6
Stealth        | |  0.7

Action                   |  1- 3 |  4- 6 || total
-------------------------+-------+-------++-------
Melee: Short sword       |   132 |       ||   132
       Mace              |     8 |    13 ||    21
 Fire: Hand crossbow     |     1 |       ||     1
Throw: Javelin           |     4 |       ||     4
  Use: Potion            |       |     1 ||     1
 Stab: Sleeping          |     1 |       ||     1
  Eat: Chunk             |     3 |       ||     3
